[Event "Early-Titled-Tuesday-Blitz-May-14-2024"]
[Site "Chess.com"]
[Date "2024.05.14"]
[Round "3"]
[White "crosky"]
[Black "Gryffindorac8"]
[Result "0-1"]
[WhiteElo "2306"]
[BlackElo "2498"]
[TimeControl "180+1"]
[EndTime "8:28:18 PDT"]
[Termination "Gryffindorac8 won by resignation"]

1. d4 Nf6 2. Bg5 d5 3. Nd2 e6 4. e3 c5 5. c3 Be7 6. Bd3 O-O 7. f4 b6 8. Ngf3 Ba6 9. Bc2 Nc6 10. Ne5 Rc8 11. Bxf6 Bxf6 12. Qh5 g6 13. Qg4 cxd4 14.
exd4 Nxd4 15. O-O-O Nxc2 16. Kxc2 Qc7 17. Ndf3 Be2 18.
Rde1 Bxf3 19. gxf3 d4 20. c4 Bxe5 21. fxe5 Qxc4+ 22. Kb1 Qc2+ 23. Ka1 d3 24. Qf4 Rc4 25. Qc1 Rfc8 26. Qxc2 Rxc2 27. Kb1 d2 28. Rd1 Kg7 29. h4 h6 30. a3 g5 31. Rhg1 Rc1+ 32. Ka2 Rxd1 33.
Rxd1 Rd8 34. hxg5 hxg5 35. Kb3 Kg6 36. Kc2 Kf5 0-1

[Event "Early-Titled-Tuesday-Blitz-May-14-2024"]
[Site "Chess.com"]
[Date "2024.05.14"]
[Round "3"]
[White "TigrVShlyape"]
[Black "Timerkhanov"]
[Result "1-0"]
[WhiteElo "2953"]
[BlackElo "2705"]
[TimeControl "180+1"]
[EndTime "8:28:20 PDT"]
[Termination "TigrVShlyape won by resignation"]

1. e4 c5 2. Nf3 a6 3. c4 Nc6 4. d4 cxd4 5. Nxd4 Nf6 6. Nc3 e5 7. Nc2 Bc5 8. Be2 d6 9. O-O Be6 10. Be3 Bxe3 11. Nxe3 O-O 12. Qd2 Nd4 13. Rfd1 Rc8 14.
Rac1 Qa5 15. b3 b5 16. Ncd5 Qxd2 17. Nxf6+ gxf6 18. Rxd2 Rc6 19. Bf1 Rfc8 20. Rcd1 bxc4 21. Bxc4 Bxc4 22. Nxc4 Kg7 23. f3 Rd8 24. Ne3 Rdc8 25. Kf2 a5 26. Kg3 a4 27. bxa4 Ra8 28. Rb1 Rxa4 29.
Rb8 h5 30. Kh4 Rc3 31. Nd5 Rxf3 32. Rxd4 Rxd4 33. gxf3 f5 34. Ne3 Rd3 35. Nxf5+ Kf6 36.
Kg3 Ra3 37. Rb6 1-0

[Event "Early-Titled-Tuesday-Blitz-May-14-2024"]
[Site "Chess.com"]
[Date "2024.05.14"]
[Round "3"]
[White "cycygogne"]
[Black "vladgoncharov"]
[Result "0-1"]
[WhiteElo "2196"]
[BlackElo "2568"]
[TimeControl "180+1"]
[EndTime "8:28:21 PDT"]
[Termination "vladgoncharov won by resignation"]

1. e4 e6 2. d4 d5 3. e5 c5 4.
c3 Nc6 5. Ne2 Nge7 6. f4 Nf5 7.
g3 cxd4 8. cxd4 Qb6 9. Bh3 Nfxd4 10. Nxd4 Qxd4 11. Qxd4 Nxd4 12. Kd1 g6 13. Be3 Nf5 14. Bxf5 gxf5 15. Nd2 Bd7 16. Rc1 Be7 17. Nb3 h5 18. Nd4 Kd8 19. h4 Rc8 20. Ke2 a6 21. b3 Bb5+ 22.
Nxb5 axb5 23. Rxc8+ Kxc8 24. Rc1+ Kd7 25. Bb6 Rc8 26.
Rxc8 Kxc8 27. Kd3 f6 28. Bd4 fxe5 29. Bxe5 Kd7 30. Kd4 Kc6 31. Kc3 Bc5 32. b4 Bf2 33. Bf6 Bxg3 34. Bg5 Kd6 35. a3 e5 36. fxe5+ Kxe5 37. Kd3 f4 38. Ke2 Ke4 39. Bf6 f3+ 40. Kf1 d4 0-1

[Event "Early-Titled-Tuesday-Blitz-May-14-2024"]
[Site "Chess.com"]
[Date "2024.05.14"]
[Round "3"]
[White "NinoMaisuradze"]
[Black "ivana_999"]
[Result "1-0"]
[WhiteElo "2344"]
[BlackElo "1849"]
[TimeControl "180+1"]
[EndTime "8:28:21 PDT"]
[Termination "NinoMaisuradze won by resignation"]

1. c4 e5 2. b3 Nf6 3. Bb2 Nc6 4. Nf3 d6 5. d4 exd4 6. Nxd4 Bd7 7. Nc3 Be7 8. e3 O-O 9. Be2 d5 10. Nxd5 Nxd5 11. cxd5 Nxd4 12. Qxd4 Bf6 13. Qd2 Bxb2 14.
Qxb2 Qg5 15. Bf3 Bb5 16. a4 Bd7 17. h4 Qh6 18. Rc1 Rac8 19. Qe5 Qd6 20. Qxd6 cxd6 21. Kd2 b6 22. h5 h6 23. g4 f6 24. Be2 Rc5 25.
e4 Re8 26. f3 Rec8 27. Rxc5 Rxc5 28. Rc1 Kf7 29. Rxc5 bxc5 30. Kc3 g6 31. Bb5 Bxb5 32. axb5 gxh5 33. gxh5 Ke7 34. b4 cxb4+ 35. Kxb4 Kd7 36.
Ka5 Kc7 37. Ka6 Kb8 38. b6 axb6 39. Kxb6 Kc8 40. Kc6 Kd8 41. Kxd6 Ke8 42. Ke6 1-0

[Event "Early-Titled-Tuesday-Blitz-May-14-2024"]
[Site "Chess.com"]
[Date "2024.05.14"]
[Round "3"]
[White "Antosha_Chekhonte"]
[Black "JiiHart"]
[Result "1-0"]
[WhiteElo "2569"]
[BlackElo "2205"]
[TimeControl "180+1"]
[EndTime "8:28:22 PDT"]
[Termination "Antosha_Chekhonte won by resignation"]

1. e4 c5 2. Nf3 Nc6 3. Bb5 e6 4. O-O Nge7 5. d4 cxd4 6. Nxd4 d6 7. Be3 g6 8. c3 Bg7 9. Nd2 Bd7 10. Nc4 O-O 11.
Nxd6 Nxd4 12. Bxd4 e5 13. Be3 Bxb5 14. Nxb5 a6 15.
Na3 b5 16. Nc2 f5 17. Bc5 Rf7 18. Nb4 fxe4 19. Qxd8+ Rxd8 20. Bxe7 Rxe7 21. Nc6 Red7 22. Nxd8 Rxd8 23. Rad1 Ra8 24. Rd7 a5 25. Rfd1 Bf6 26.
R1d6 Bg5 27. Kf1 b4 28. c4 a4 29. Rb7 a3 30. b3 Rc8 31. Rdb6 Bd2 32. Rb8 Rxb8 33.
Rxb8+ Kg7 34. c5 1-0

[Event "Early-Titled-Tuesday-Blitz-May-14-2024"]
[Site "Chess.com"]
[Date "2024.05.14"]
[Round "3"]
[White "Kushch_Nikolai"]
[Black "PawnEatingZombie"]
[Result "0-1"]
[WhiteElo "2412"]
[BlackElo "2275"]
[TimeControl "180+1"]
[EndTime "8:28:22 PDT"]
[Termination "PawnEatingZombie won by resignation"]

1. Nf3 Nf6 2. c4 g6 3. b4 Bg7 4. Bb2 O-O 5. d4 a5 6. b5 c6 7. bxc6 bxc6 8. e3 a4 9. a3 d5 10. Nbd2 c5 11. Be2 Nbd7 12. O-O Ba6 13. Rc1 cxd4 14.
exd4 dxc4 15. Nxc4 Rb8 16. Bc3 Rb3 17. Bb4 Nd5 18.
Nfd2 Nxb4 19. axb4 Rxb4 20. Ne4 Bxc4 21. Bxc4 Nb6 22. Qe2 Nxc4 23. Rxc4 Rxc4 24. Qxc4 Qxd4 25. Qc2 Ra8 26. Rd1 Qb6 27. Rb1 Qa5 28. Qa2 a3 29. h4 h6 30. g3 e6 31. Rb7 Qe1+ 32. Kg2 Qxe4+ 0-1

[Event "Early-Titled-Tuesday-Blitz-May-14-2024"]
[Site "Chess.com"]
[Date "2024.05.14"]
[Round "3"]
[White "Lady_Nika"]
[Black "crazy_but_lazy"]
[Result "0-1"]
[WhiteElo "2487"]
[BlackElo "2679"]
[TimeControl "180+1"]
[EndTime "8:28:25 PDT"]
[Termination "crazy_but_lazy won by checkmate"]

1. d4 d5 2. e3 Nf6 3. f4 g6 4.
Nf3 Bg7 5. c3 O-O 6. Bd3 c5 7.
O-O Nbd7 8. Ne5 Ne4 9. Nd2 Ndf6 10. Nxe4 Nxe4 11. Bd2 b6 12. Be1 Nd6 13. Bh4 Qc7 14.
Qe2 Bf5 15. g4 Bxd3 16. Nxd3 Ne4 17. Kh1 c4 18. Nf2 Nd6 19. e4 dxe4 20. Nxe4 Qb7 21. Rfe1 f5 22. Bxe7 Qxe7 23. Nxd6 Qxd6 24. Qxc4+ Kh8 25.
gxf5 Qxf4 26. fxg6 Qf3+ 27. Kg1 Rf4 28. h3 Qg3+ 29. Kh1 Qxh3+ 30. Kg1 Qg3+ 31. Kh1 Rh4# 0-1

[Event "Early-Titled-Tuesday-Blitz-May-14-2024"]
[Site "Chess.com"]
[Date "2024.05.14"]
[Round "3"]
[White "RuperezA"]
[Black "SaiHanThiha"]
[Result "1-0"]
[WhiteElo "2664"]
[BlackElo "2454"]
[TimeControl "180+1"]
[EndTime "8:28:25 PDT"]
[Termination "RuperezA won by checkmate"]

1. e4 c5 2. Nf3 d6 3. Bb5+ Nc6 4. O-O Bd7 5. c3 Nf6 6. Re1 a6 7. Bxc6 Bxc6 8. d4 Bxe4 9. Bg5 Bd5 10. c4 Bxf3 11.
Qxf3 cxd4 12. Bxf6 gxf6 13. Qxf6 Rg8 14. Qxd4 Bg7 15. Qd2 Rc8 16. Na3 Qb6 17. Rab1 Qd4 18. Qe2 Bf6 19. b3 Qg4 20. Qxg4 Rxg4 21. Nc2 b5 22. Ne3 Rd4 23. Nd5 Kf8 24. Nb6 Rc6 25. Nd7+ Kg7 26. Nxf6 Kxf6 27. cxb5 axb5 28. Re3 Rc2 29. a3 Rdd2 30. Rf3+ Kg7 31. Re1 Re2 32. Rd1 Rcd2 33. Rc1 Rc2 34. Rd1 Ra2 35. h4 Red2 36.
Re1 Rxa3 37. Rxe7 Rd1+ 38. Kh2 Kg6 39. Rexf7 Rd5 40. R3f6+ Kh5 41. Rxh7+ Kg4 42. f3# 1-0

[Event "Early-Titled-Tuesday-Blitz-May-14-2024"]
[Site "Chess.com"]
[Date "2024.05.14"]
[Round "3"]
[White "TregubovP"]
[Black "gmcorrales"]
[Result "0-1"]
[WhiteElo "2708"]
[BlackElo "2954"]
[TimeControl "180+1"]
[EndTime "8:28:26 PDT"]
[Termination "gmcorrales won on time"]

1. e4 c5 2. Nf3 d6 3. d4 cxd4 4. Qxd4 Nc6 5. Qd3 g6 6. Nc3 Bg7 7. Be2 Bg4 8. h3 Bxf3 9. Bxf3 Nf6 10. Be2 O-O 11. O-O Nd7 12. Be3 a6 13. Qd2 Rc8 14.
Nd5 Nc5 15. f3 Bxb2 16. Rab1 Bg7 17. Bxc5 dxc5 18. Rxb7 e6 19. Ne7+ Nxe7 20. Qxd8 Rfxd8 21. Rxe7 c4 22. Rd1 Rxd1+ 23. Bxd1 Bf8 24. Rb7 a5 25.
Be2 a4 26. Kf1 a3 27. c3 h5 28. Ke1 h4 29. Kd2 Kg7 30. Kc2 Kf6 31. Rb5 Bd6 32. Bf1 Rc7 33. Be2 Bc5 34. Bxc4 Ke5 35.
Kd3 Kf4 36. Ke2 Be3 37. Rb4 Bc1 38. e5 Kg3 39. Bd3 Bf4 40. Ra4 g5 41. Rxa3 Kxg2 42. Ra4 Kxh3 43. Re4 Kg2 0-1

[Event "Early-Titled-Tuesday-Blitz-May-14-2024"]
[Site "Chess.com"]
[Date "2024.05.14"]
[Round "3"]
[White "artin10862"]
[Black "ValeriyGrinev"]
[Result "1-0"]
[WhiteElo "2864"]
[BlackElo "2599"]
[TimeControl "180+1"]
[EndTime "8:28:29 PDT"]
[Termination "artin10862 won by resignation"]

1. e4 c6 2. d4 d5 3. e5 Bf5 4. h4 h5 5. Bd3 Bxd3 6. Qxd3 Qa5+ 7.
b4 Qxb4+ 8. Nd2 e6 9. Rb1 Qe7 10. Ngf3 b5 11. O-O Nh6 12. a4 a6 13. Re1 Nf5 14. Nf1 Nxh4 15. N1h2 Nf5 16. Bg5 Qc7 17.
Nh4 Nxh4 18. Bxh4 Be7 19. Nf3 Bxh4 20. Nxh4 Qe7 21. g3 Nd7 22. Kg2 g6 23. Re3 Kf8 24.
Nxg6+ fxg6 25. Qxg6 Rh7 26. Rh1 h4 27. Rf3+ Rf7 28. Rxh4 Ke8 29. Rh7 Nf6 30. Rxf6 Ra7 31. Rh8+ 1-0

[Event "Early-Titled-Tuesday-Blitz-May-14-2024"]
[Site "Chess.com"]
[Date "2024.05.14"]
[Round "3"]
[White "Skatchkov_V"]
[Black "VerdeNotte"]
[Result "1-0"]
[WhiteElo "2623"]
[BlackElo "2867"]
[TimeControl "180+1"]
[EndTime "8:28:30 PDT"]
[Termination "Skatchkov_V won by checkmate"]

1. d4 d5 2. c4 e6 3. Nf3 a6 4. g3 dxc4 5. Bg2 Nc6 6. O-O Rb8 7. a4 Be7 8. a5 b5 9. axb6 cxb6 10. Bf4 Bd6 11.
Ne5 Nxe5 12. dxe5 Bc7 13. Qc2 b5 14. Rd1 Qe7 15. Nc3 g5 16. Be3 Bxe5 17. Bc6+ Kf8 18. Ne4 Qc7 19. Qd2 Ne7 20. Bc5 Qxc6 21. Bxe7+ Kxe7 22. Qxg5+ f6 23. Qg7+ Ke8 24. Qxh8+ Kf7 25. Rd8 f5 26. Qg8+ Ke7 27. Qf8# 1-0

[Event "Early-Titled-Tuesday-Blitz-May-14-2024"]
[Site "Chess.com"]
[Date "2024.05.14"]
[Round "3"]
[White "Byniolus"]
[Black "ChessSG1"]
[Result "1-0"]
[WhiteElo "2833"]
[BlackElo "2483"]
[TimeControl "180+1"]
[EndTime "8:28:30 PDT"]
[Termination "Byniolus won by resignation"]

1. d4 Nf6 2. Nf3 c5 3. c3 g6 4. Bf4 cxd4 5. cxd4 Bg7 6. Nc3 d6 7. e3 O-O 8. Be2 Nc6 9. O-O Nh5 10. Bg5 h6 11. Bh4 g5 12. Bg3 Nxg3 13. hxg3 Bf5 14.
Bd3 Bxd3 15. Qxd3 e6 16. a3 Rc8 17. d5 Ne5 18. Nxe5 Bxe5 19. dxe6 Bxc3 20. bxc3 Qf6 21.
exf7+ Rxf7 22. Rac1 Qe5 23. Rfd1 Rcf8 24. Rc2 Kg7 25. Qxd6 Qf5 26. Qd4+ Rf6 27. e4 Qg4 28. e5 Qxd4 29. cxd4 Ra6 30. d5 Rxa3 31. Rc7+ Kg6 32.
e6 Ra2 33. e7 Re8 34. d6 1-0

[Event "Early-Titled-Tuesday-Blitz-May-14-2024"]
[Site "Chess.com"]
[Date "2024.05.14"]
[Round "3"]
[White "AnishOnYoutube"]
[Black "Vincent_Vega95"]
[Result "1-0"]
[WhiteElo "3017"]
[BlackElo "2742"]
[TimeControl "180+1"]
[EndTime "8:28:31 PDT"]
[Termination "AnishOnYoutube won by resignation"]

1. Nf3 Nf6 2. c4 g6 3. g3 Bg7 4. Bg2 O-O 5. O-O d6 6. Nc3 e5 7.
d3 Nc6 8. Rb1 a5 9. a3 h6 10. b4 axb4 11. axb4 Be6 12. b5 Ne7 13. Qc2 Qd7 14. Re1 Bh3 15. Bh1 Ng4 16. Bd2 f5 17. Ra1 Rab8 18. Ra7 f4 19. Ne4 Nf5 20. Bc3 g5 21. Rea1 Nf6 22. Nfd2 Ng4 23. Bf3 Qd8 24. Nb3 b6 25. Nc1 h5 26. Na2 Bh6 27.
Nb4 Rc8 28. Nd5 h4 29. Bxg4 Bxg4 30. f3 Bh3 31. g4 Nd4 32. Bxd4 exd4 33. Nf2 1-0

[Event "Early-Titled-Tuesday-Blitz-May-14-2024"]
[Site "Chess.com"]
[Date "2024.05.14"]
[Round "3"]
[White "IndianSchoolOfSuffering"]
[Black "Alphafischer2019"]
[Result "1-0"]
[WhiteElo "2494"]
[BlackElo "2659"]
[TimeControl "180+1"]
[EndTime "8:28:31 PDT"]
[Termination "IndianSchoolOfSuffering won by resignation"]

1. e4 c5 2. Nf3 Nc6 3. d4 cxd4 4. Nxd4 g6 5. c4 Nf6 6. Nc3 d6 7. Be2 Nxd4 8. Qxd4 Bg7 9. Be3 O-O 10. Qd2 Be6 11.
f3 a5 12. Rc1 a4 13. O-O Qa5 14. Rfd1 Rfc8 15. Nd5 Qxd2 16. Bxd2 Bxd5 17. cxd5 Nd7 18. Rxc8+ Rxc8 19. Rc1 Rc5 20. b4 axb3 21. axb3 Bb2 22. Rc4 f5 23. Rxc5 Nxc5 24. b4 Nb3 25. Be1 fxe4 26.
fxe4 Bd4+ 27. Kf1 Kf7 28. Bc4 Na1 29. Ke2 Nc2 30. Bd2 Na3 31. Bd3 Kf6 32. Bc1 Be5 33. g3 Bc3 34. Bxa3 Ke5 35. b5 Kd4 36. Bc1 Kc5 37.
Be3+ Kb4 38. Bd2 Bxd2 39. Kxd2 Kb3 40. Ke3 Kc3 41. e5 dxe5 42. Ke4 b6 43. Bf1 e6 1-0

[Event "Early-Titled-Tuesday-Blitz-May-14-2024"]
[Site "Chess.com"]
[Date "2024.05.14"]
[Round "3"]
[White "dianamirza"]
[Black "Raud100"]
[Result "0-1"]
[WhiteElo "1942"]
[BlackElo "2356"]
[TimeControl "180+1"]
[EndTime "8:28:32 PDT"]
[Termination "Raud100 won by resignation"]

1. e4 d6 2. d4 Nf6 3. Nc3 g6 4. f3 c6 5. Be3 b5 6. g4 Nbd7 7. h4 Nb6 8. h5 Rg8 9. hxg6 hxg6 10.
Qd2 Bg7 11. Nh3 Nc4 12. Bxc4 bxc4 13. Bh6 Bh8 14. Rd1 Rb8 15. b3 Qa5 16. e5 Nd5 17.
Ne4 Qxd2+ 18. Rxd2 cxb3 19. axb3 dxe5 20. dxe5 Bxe5 21.
f4 Bh8 22. Nhf2 Rb4 23. O-O f5 24. Nc5 Nxf4 25. c3 Bxc3 26. Rc2 Nd5 27. Nfd3 Rxg4+ 28. Kf2 Rh8 29. Bc1 Rh2+ 30. Kf3 Rxc2 0-1

[Event "Early-Titled-Tuesday-Blitz-May-14-2024"]
[Site "Chess.com"]
[Date "2024.05.14"]
[Round "3"]
[White "rudolfjun2005"]
[Black "SirStrateg"]
[Result "0-1"]
[WhiteElo "2445"]
[BlackElo "2683"]
[TimeControl "180+1"]
[EndTime "8:28:33 PDT"]
[Termination "SirStrateg won by resignation"]

1. e4 d6 2. d4 Nf6 3. Nc3 c6 4. f4 Qa5 5. Bd3 e5 6. dxe5 dxe5 7. Nf3 Nbd7 8. O-O Bd6 9. fxe5 Nxe5 10. Nxe5 Qxe5 11. Bf4 Qc5+ 12. Kh1 Bxf4 13. Rxf4 Be6 14. Qf3 Nd7 15. Rf1 Ne5 16. Qe2 O-O-O 17. a3 h5 18. Nd1 g5 19. Rf6 Qd4 20. Ne3 Ng4 21.
R6f3 Ne5 22. Rf6 Qxb2 23. Bc4 Nxc4 24. Nxc4 Qb5 25. Rxe6 fxe6 26. a4 Qxa4 27. h3 g4 28. Rf7 gxh3 29. Ne5 Qa1+ 0-1

[Event "Early-Titled-Tuesday-Blitz-May-14-2024"]
[Site "Chess.com"]
[Date "2024.05.14"]
[Round "3"]
[White "Lovetov"]
[Black "suyu28"]
[Result "0-1"]
[WhiteElo "2544"]
[BlackElo "2843"]
[TimeControl "180+1"]
[EndTime "8:28:33 PDT"]
[Termination "suyu28 won by checkmate"]

1. d4 Nf6 2. Nc3 d5 3. Bf4 g6 4. Qd2 Bg7 5. f3 O-O 6. Bh6 c5 7. Bxg7 Kxg7 8. e3 cxd4 9. exd4 Nc6 10. g4 Re8 11. O-O-O h5 12. g5 Nh7 13. f4 Bf5 14. Bd3 e6 15. Nf3 Bg4 16. Be2 Bxf3 17. Bxf3 Rc8 18. h4 Na5 19. b3 Qd6 20. Kb2 Qb4 21. Be2 Qb6 22. Na4 Qc7 23. Nc5 Nf8 24. Nd3 Nd7 25. Ne5 Nb6 26. Qxa5 Qxc2+ 27. Ka3 Qxe2 28.
Rc1 Qe3 29. Qb4 Rxc1 30. Rxc1 Qxc1# 0-1

[Event "Early-Titled-Tuesday-Blitz-May-14-2024"]
[Site "Chess.com"]
[Date "2024.05.14"]
[Round "3"]
[White "MAGMAchess02"]
[Black "TheoSlade"]
[Result "0-1"]
[WhiteElo "2275"]
[BlackElo "2458"]
[TimeControl "180+1"]
[EndTime "8:28:33 PDT"]
[Termination "TheoSlade won by resignation"]

1. Nf3 d5 2. c4 e6 3. g3 Nf6 4.
Bg2 d4 5. O-O c5 6. e3 Nc6 7.
exd4 cxd4 8. d3 Be7 9. Na3 O-O 10. Nc2 a5 11. Nfxd4 Nxd4 12. Nxd4 Qxd4 13. Be3 Qxb2 14. d4 Rd8 15. Qd3 Qb6 16. Rab1 Qc7 17. Rb5 Rb8 18. c5 Bd7 19. Bf4 Bxb5 20. Qxb5 Qd7 21. Qxd7 Nxd7 22. Bxb8 Rxb8 23. Rb1 Bxc5 24. dxc5 Nxc5 25. Rb6 Kf8 26. Bf3 Ke7 27. Kg2 Kd7 28. h4 Kc7 29. Rb2 b5 30. Rc2 Kb6 31. Rd2 Rc8 32. Rd6+ Kc7 33. Rd4 Rd8 34.
Rg4 g6 35. h5 Rd2 36. Rf4 f5 37.
hxg6 hxg6 38. Rh4 Nd3 39. Rd4 Ne1+ 0-1

[Event "Early-Titled-Tuesday-Blitz-May-14-2024"]
[Site "Chess.com"]
[Date "2024.05.14"]
[Round "3"]
[White "a_kandil"]
[Black "Fradi82"]
[Result "1-0"]
[WhiteElo "2564"]
[BlackElo "2195"]
[TimeControl "180+1"]
[EndTime "8:28:34 PDT"]
[Termination "a_kandil won by resignation"]

1. Nf3 d5 2. g3 g6 3. c4 dxc4 4.
Na3 Bg7 5. Nxc4 Nc6 6. Bg2 e5 7. d3 Nge7 8. Bg5 h6 9. Bd2 O-O 10. Qc1 Kh7 11. O-O Be6 12. Bc3 Nd4 13. Re1 Nec6 14.
Bxd4 exd4 15. a3 a5 16. Qc2 a4 17. Ncd2 Qd7 18. Ne4 b6 19. Rac1 Bd5 20. Nfd2 Rac8 21.
Ng5+ hxg5 22. Bxd5 Qxd5 23. Qxc6 Qxc6 24. Rxc6 f5 25.
Rec1 Rf7 26. Nf3 Bf6 27. Rxb6 g4 28. Ne1 cxb6 29. Rxc8 Re7 30. Kf1 Re5 31. Rc6 Bd8 32. Rd6 Bc7 33. Rd7+ Kh6 34. Rxc7 Rb5 35. Rc2 Rb3 1-0

[Event "Early-Titled-Tuesday-Blitz-May-14-2024"]
[Site "Chess.com"]
[Date "2024.05.14"]
[Round "3"]
[White "DenLaz"]
[Black "Matibar"]
[Result "1-0"]
[WhiteElo "3116"]
[BlackElo "2791"]
[TimeControl "180+1"]
[EndTime "8:28:35 PDT"]
[Termination "DenLaz won by resignation"]

1. d4 f5 2. Nf3 Nf6 3. g3 g6 4.
Bg2 Bg7 5. O-O O-O 6. b3 Ne4 7. Bb2 Nc6 8. Nbd2 d5 9. c4 e6 10. e3 g5 11. Ne1 g4 12. Nd3 a5 13. Rc1 Nb4 14. Nxe4 Nxd3 15. Qxd3 fxe4 16. Qe2 h5 17. h3 Rf3 18. Bxf3 gxf3 19. Qc2 c6 20. Kh2 Qg5 21. Rh1 Bd7 22. Ba3 Bf6 23. h4 Qg4 24. Kg1 Bd8 25.
Bd6 Kf7 26. Kf1 Ke8 27. Ke1 Kf7 28. Kd2 Ke8 29. Kc3 Kf7 30. Kb2 Ke8 31. Ka1 Kf7 32.
Rb1 Ke8 33. b4 axb4 34. Rxb4 b5 35. cxb5 cxb5 36. Rb3 Rc8 37. Rc3 Ra8 38. Rc1 Qh3 39. Qb2 Qg2 40. Ra3 Ra4 41. Rxa4 bxa4 42. Qb8 Qxf2 43.
Bc7 1-0

[Event "Early-Titled-Tuesday-Blitz-May-14-2024"]
[Site "Chess.com"]
[Date "2024.05.14"]
[Round "3"]
[White "ReinisUz"]
[Black "NowInChess"]
[Result "1-0"]
[WhiteElo "2417"]
[BlackElo "2244"]
[TimeControl "180+1"]
[EndTime "8:28:35 PDT"]
[Termination "ReinisUz won on time"]

1. c4 Nf6 2. Nc3 e5 3. g3 d6 4. Bg2 g6 5. e4 Bg7 6. Nge2 O-O 7.
O-O Nc6 8. d3 Be6 9. h3 Nh5 10.
Kh2 f5 11. f4 exf4 12. Nxf4 Nxf4 13. Bxf4 Qd7 14. Qd2 fxe4 15. Nxe4 Nd4 16. Rae1 Rae8 17. Ng5 c6 18. Nxe6 Rxe6 19. Rxe6 Qxe6 20. Re1 Qf6 21. b4 Nf5 22. Qe2 g5 23. Bd2 Nd4 24. Qg4 h6 25. Rf1 Qe7 26. Rxf8+ Qxf8 27. Bc3 c5 28. bxc5 dxc5 29. Bxb7 Qf2+ 30. Bg2 Ne2 31. Qe6+ Kf8 32. Bxg7+ Kxg7 33. Qe5+ Kg8 34. h4 Qg1+ 35. Kh3 g4+ 36. Kxg4 Qxg2 37. Kh5 Qxg3 38. Qxe2 Qe5+ 39. Qxe5 1-0

[Event "Early-Titled-Tuesday-Blitz-May-14-2024"]
[Site "Chess.com"]
[Date "2024.05.14"]
[Round "3"]
[White "GrotBchess"]
[Black "IMRosen"]
[Result "0-1"]
[WhiteElo "2528"]
[BlackElo "2777"]
[TimeControl "180+1"]
[EndTime "8:28:36 PDT"]
[Termination "IMRosen won by resignation"]

1. e4 c5 2. Nf3 Nc6 3. d4 cxd4 4. Nxd4 g6 5. c4 Nf6 6. Nc3 d6 7. Be2 Nxd4 8. Qxd4 Bg7 9. Be3 O-O 10. Qd3 a5 11.
O-O a4 12. Bd4 Qa5 13. Kh1 Be6 14. Rac1 Rfc8 15. b3 axb3 16. axb3 Qb4 17. Nb5 Nd7 18. Bxg7 Kxg7 19. f4 Nc5 20. Qd4+ f6 21. Rb1 Ra2 22. Qe3 Qd2 23. Qxd2 Rxd2 24. Bf3 Ra8 25. h3 Raa2 26. b4 Nd3 27. c5 Bc4 28. Nc3 Rac2 29. cxd6 Rxc3 30.
d7 Nxf4 31. Rfd1 Rcd3 32. Rxd2 Rxd2 33. Rd1 Rxd1+ 34. Bxd1 Ne6 35. Bg4 Nd8 36. Kg1 e6 37.
Kf2 Bb5 38. Ke3 Bxd7 39. Kd4 b6 40. Bf3 Kf7 0-1

[Event "Early-Titled-Tuesday-Blitz-May-14-2024"]
[Site "Chess.com"]
[Date "2024.05.14"]
[Round "3"]
[White "english_player_89"]
[Black "BilodeauA"]
[Result "0-1"]
[WhiteElo "2614"]
[BlackElo "2898"]
[TimeControl "180+1"]
[EndTime "8:28:37 PDT"]
[Termination "BilodeauA won by checkmate"]

1. e4 c5 2. Nf3 Nc6 3. g3 e6 4.
Bg2 g5 5. h3 h6 6. d4 cxd4 7.
Nxd4 d6 8. Nc3 a6 9. Be3 Nge7 10.
Qd2 Bd7 11. h4 g4 12. h5 Bg7 13. O-O-O Ne5 14. Qe2 Rc8 15. Nb3 Qc7 16. Bd4 b5 17. Kb1 b4 18. Qxa6 bxc3 19. Bxc3 N7c6 20. Ka1 O-O 21.
Qe2 Ra8 22. a3 Ra4 23. f4 gxf3 24. Bxf3 Rfa8 25. g4 Bf6 26. g5 Bxg5 27. Rdg1 f6 28. Bg4 Kf7 29. Qf1 Nxg4 30. Rxg4 Ne5 31. Rgg1 Rxa3+ 32.
bxa3 Qxc3+ 33. Ka2 Rxa3+ 34. Kxa3 Nc4+ 35. Ka2 Qb2# 0-1

[Event "Early-Titled-Tuesday-Blitz-May-14-2024"]
[Site "Chess.com"]
[Date "2024.05.14"]
[Round "3"]
[White "Triumphmate"]
[Black "miragha_yev"]
[Result "1-0"]
[WhiteElo "2500"]
[BlackElo "2811"]
[TimeControl "180+1"]
[EndTime "8:28:37 PDT"]
[Termination "Triumphmate won by resignation"]

1. e4 c6 2. d4 d5 3. exd5 cxd5 4.
c3 Nc6 5. Bd3 Qc7 6. Nf3 Bg4 7.
O-O e6 8. Be3 Bd6 9. h3 Bh5 10.
Nbd2 Nge7 11. Qc2 h6 12. Rae1 g5 13. c4 Nb4 14. Qa4+ Qc6 15. Qxc6+ Nexc6 16. Bb1 Bxf3 17. gxf3 dxc4 18. Nxc4 Bc7 19. Be4 O-O-O 20. a3 Nd5 21. b4 Nf4 22. Bxc6 bxc6 23. Bxf4 Bxf4 24. Na5 Kd7 25. Re4 Bc7 26. Nb3 Bb6 27. Rc1 Kc7 28.
f4 Kb7 29. fxg5 hxg5 30. Kg2 Rh6 31. Rc3 Rd5 32. Rc4 a6 33. a4 Rf5 34. a5 Ba7 35. Nc5+ Bxc5 36. bxc5 Rhf6 37. Re2 Rd5 38. Rb4+ Kc7 39. Reb2 Rf4 40. Rb8 1-0

[Event "Early-Titled-Tuesday-Blitz-May-14-2024"]
[Site "Chess.com"]
[Date "2024.05.14"]
[Round "3"]
[White "jaskol95"]
[Black "ClauAmura"]
[Result "1-0"]
[WhiteElo "2530"]
[BlackElo "2254"]
[TimeControl "180+1"]
[EndTime "8:28:37 PDT"]
[Termination "jaskol95 won by resignation"]

1. Nf3 d5 2. b3 Nf6 3. Bb2 g6 4. e3 Bg7 5. g3 O-O 6. Bg2 c5 7. O-O Nc6 8. d4 b6 9. c4 Bb7 10. dxc5 dxc4 11. Qxd8 Rfxd8 12. cxb6 cxb3 13. axb3 axb6 14. Nc3 Nb4 15. Nd4 Bxg2 16. Kxg2 Nd3 17. Ba3 Rd7 18.
Na4 Rb7 19. Rfd1 Ne5 20. h3 Ne4 21. f3 Nd6 22. f4 Nd7 23. Bxd6 exd6 24. Nc3 Rba7 25.
Rxa7 Rxa7 26. Ncb5 Ra2+ 27. Kf3 d5 28. Nc3 Rh2 29.
Nxd5 Rxh3 30. Rc1 h5 31. Rc8+ Kh7 32. Rc7 Bxd4 33. Rxd7 Bc5 34. Rxf7+ Kg8 35. Rb7 h4 36.
Kg4 hxg3 37. Kxh3 1-0

[Event "Early-Titled-Tuesday-Blitz-May-14-2024"]
[Site "Chess.com"]
[Date "2024.05.14"]
[Round "3"]
[White "Fh2411"]
[Black "mfschulz"]
[Result "1-0"]
[WhiteElo "2550"]
[BlackElo "2322"]
[TimeControl "180+1"]
[EndTime "8:28:37 PDT"]
[Termination "Fh2411 won by resignation"]

1. d4 Nf6 2. Nf3 c5 3. c3 g6 4. Bf4 Bg7 5. e3 d5 6. h3 Nc6 7. Nbd2 O-O 8. dxc5 a5 9. a4 Bf5 10. Bb5 Nd7 11. Nb3 e5 12. Bg5 f6 13. Qxd5+ Kh8 14. Bh4 Qe7 15. Bc4 Rg8 16. O-O Bc2 17. Qd6 Rge8 18. Qxe7 Rxe7 19. Nfd2 Rb8 20. Rfc1 Bxb3 21. Nxb3 b6 22. cxb6 Nxb6 23. Bb5 Na7 24. Nxa5 Nxb5 25. axb5 Rd7 26. Rd1 Rxd1+ 27. Rxd1 g5 28. Bg3 h5 29. f3 Na4 30. c4 Nxb2 31. Rd2 Na4 32. e4 Bf8 33.
Nc6 Ra8 34. Bf2 Nc5 35. Rd8 Ra1+ 36. Kh2 Kg7 37. Rxf8 Kxf8 38. Bxc5+ Kf7 39. b6 Rb1 40. Na5 Ke6 41. b7 Kd7 42. Ba7 Kc7 43. b8=Q+ Rxb8 44. Bxb8+ Kxb8 45. Nc6+ Kc7 46. Ne7 Kd6 47. Nd5 f5 48. exf5 Kc5 49. f6 1-0

[Event "Early-Titled-Tuesday-Blitz-May-14-2024"]
[Site "Chess.com"]
[Date "2024.05.14"]
[Round "3"]
[White "czechbul17"]
[Black "Ural_bogatyr"]
[Result "0-1"]
[WhiteElo "2168"]
[BlackElo "2567"]
[TimeControl "180+1"]
[EndTime "8:28:38 PDT"]
[Termination "Ural_bogatyr won by resignation"]

1. d4 Nf6 2. c4 e6 3. Nf3 d5 4.
g3 Be7 5. Bg2 O-O 6. O-O dxc4 7.
Qc2 b5 8. a4 Bb7 9. axb5 a6 10.
Nc3 axb5 11. Rxa8 Bxa8 12. Nxb5 Bd5 13. Ne5 Bxg2 14. Kxg2 Qd5+ 15. e4 Qxb5 16. Nxc4 Nxe4 17. Qxe4 Qxc4 18. Bf4 c5 19. Rd1 cxd4 20. Rxd4 Qc6 21. Qxc6 Nxc6 22. Rc4 Rc8 23. Bd2 Bf6 24. b3 Kf8 25.
Be3 Ke8 26. b4 Ne7 27. Re4 Rb8 28. Bc5 Nd5 29. Rg4 g6 30. h4 h5 31. Re4 Be7 32.
Rc4 Nxb4 33. Be3 Nd5 34. Bd4 Kd7 35. Ra4 Bd6 36. Ra7+ Bc7 37. Be5 f6 38. Bd4 Rb4 39. Bc5 Rb2 40. Ra6 f5 41. Bd4 Rb4 42. Bg7 Bb6 43.
Ra2 f4 44. Kh3 fxg3 45. fxg3 Rb3 46. Be5 Ne3 47. Rd2+ Nd5 48. Ra2 Re3 49. Bb8 Bc7 50.
Ra7 Rxg3+ 51. Kh2 Ra3+ 0-1